 Dungeon Sprint DCSS version 0.18-a0-1800-gdc7a371 (webtiles) character file.

229855 Moloch the Archmage (level 17, -1/92 (95) HPs)
             Began as a Deep Elf Fire Elementalist on Apr 24, 2016.
             Was the Champion of Vehumet.
             Succumbed to Gloorx Vloq's foul vapour
             ... in the Dungeon (Sprint III: "The Ten Rune Challenge").
             The game lasted 01:13:49 (12125 turns).

Moloch the Archmage (Deep Elf Fire Elementalist)   Turns: 12125, Time: 01:13:50

HP:   -1/92 (95)    AC:  7    Str: 13    XL:     17   Next: 28%
MP:   34/59         EV: 19    Int: 38    God:    Vehumet [******]
Gold: 2588          SH: 14    Dex: 16    Spells: 10 memorised, 3 levels left

rFire  + . .     SeeInvis +     J - +8 hand axe of the Pillar {chop, rElec rPois Int+2}
rCold  + + .     Gourm    .     F - +2 robe {rC+ rF+}
rNeg   + . .     Faith    +     E - +0 shield {rC+}
rPois  +         Spirit   .     q - +1 hat {SInv}
rElec  +         Dismiss  .     B - +2 cloak {MR+}
rCorr  .         Reflect  .     (no gloves)
SustAt +         Harm     .     (no boots)
MR     +....     Rnd*Rage +     Q - amulet of the Ban {Faith MR- Int+8}
Stlth  +++....... NoTele   +    N - ring "Vaul" {*Contam rN+ Str+3 Dex+3 Stlth+}
                                r - ring of Spite {SustAt rElec MP+9 Str+5}

@: lethally poisoned (-1 -> -13), tornado, flying (expiring), very slightly
contaminated, deflect missiles, somewhat resistant to hostile enchantments,
fairly stealthy
A: talons 1, berserk 1, clumsy 1, deformed body
a: Renounce Religion
}: 4/10 runes: serpentine, barnacled, slimy, silver


You were in the Dungeon.
You worshipped Vehumet.
Vehumet was exalted by your worship.
You were not hungry.

You visited 1 branch You collected 6691 gold pieces.
You spent 4103 gold pieces at shops.

Inventory:

Hand Weapons
 J - the +8 hand axe of the Pillar (weapon) {chop, rElec rPois Int+2}
   (You took it off a deep elf mage in the Dungeon)

   It inflicts extra damage upon your enemies.
   It affects your intelligence (+2).
   It insulates you from electricity.
   It protects you from poison.
Armour
 q - a +1 hat of see invisible (worn)
 B - a +2 cloak of magic resistance (worn)
 E - a +0 shield of cold resistance (worn)
 F - a +2 robe of resistance (worn)
Jewellery
 c - an uncursed ring of flight
 r - the ring of Spite (left hand) {SustAt rElec MP+9 Str+5}
   (You bought it in a shop in the Dungeon)

   [ring of sustain attributes]

   It sustains your strength, intelligence and dexterity.
   It affects your strength (+5).
   It insulates you from electricity.
   It affects your magic capacity (+9).
 D - an uncursed ring of protection from fire
 N - the ring "Vaul" (right hand) {*Contam rN+ Str+3 Dex+3 Stlth+}
   (You took it off a vault guard in the Dungeon)

   [ring of stealth]

   It affects your strength (+3).
   It affects your dexterity (+3).
   It protects you from negative energy.
   It causes magical contamination when unequipped.
   It makes you more stealthy.
 Q - the amulet of the Ban (around neck) {Faith MR- Int+8}
   (You found it in the Dungeon)

   [amulet of faith]

   It allows you to gain divine favour quickly.
   It affects your intelligence (+8).
   It affects your resistance to hostile enchantments.
Scrolls
 h - a scroll of holy word
 i - 2 scrolls of blinking
 k - a scroll of fog
 n - a scroll of immolation
 o - a scroll of enchant weapon
 p - 12 scrolls of identify
 u - 2 scrolls of remove curse
 C - 2 scrolls of amnesia
 H - a scroll of silence
Potions
 b - a potion of resistance
 d - 3 potions of mutation
 e - 2 potions of heal wounds
 f - a potion of haste
 g - a potion of magic
 l - 4 potions of cure mutation
 m - 5 potions of flight
 s - 2 potions of might
 t - a potion of agility
 v - 2 potions of berserk rage
 z - 2 potions of curing
Books
 x - a book of Enchantments

   Spells                             Type                      Level
   a - Cause Fear                     Hexes                        4
   b - Yara's Violent Unravelling     Hexes/Transmutation          5
   c - Silence                        Hexes/Air                    5
   d - Deflect Missiles               Charms/Air                   6
   e - Haste                          Charms                       6
   f - Discord                        Hexes                        8
 y - a book of the Sky

   Spells                             Type                      Level
   a - Summon Lightning Spire         Summoning/Air                4
   b - Airstrike                      Air                          4
   c - Silence                        Hexes/Air                    5
   d - Deflect Missiles               Charms/Air                   6
   e - Conjure Ball Lightning         Conjuration/Air              6
   f - Tornado                        Air                          9
 A - a book of the Earth

   Spells                             Type                      Level
   a - Leda's Liquefaction            Hexes/Earth                  4
   b - Bolt of Magma                  Conjuration/Fire/Earth       5
   c - Statue Form                    Transmutation/Earth          6
   d - Iron Shot                      Conjuration/Earth            6
   e - Shatter                        Earth                        9
 G - Roxanne's Collected Works on Transmutation
   (You took it off Roxanne in the Dungeon)

   Spells                             Type                      Level
   a - Beastly Appendage              Transmutation                1
   b - Passwall                       Transmutation/Earth          2
   c - Ice Form                       Ice/Transmutation            4
   d - Statue Form                    Transmutation/Earth          6
   e - Hydra Form                     Transmutation                6
Miscellaneous
 a - a legendary deck of changes {drawn: 1}
 M - an ornate deck of wonders
 O - a plain deck of defence
Comestibles
 j - 24 royal jellies
 w - 2 bread rations
 I - a meat ration
 K - a chunk of flesh


   Skills:
 + Level 6.8 Fighting
 + Level 10.6 Dodging
 - Level 2.4 Stealth
 - Level 17.3 Shields
 O Level 27 Spellcasting
 - Level 21.6 Conjurations
 - Level 26.3 Charms
 * Level 15.4 Summonings
 + Level 15.7 Necromancy
 - Level 19.0 Fire Magic
 - Level 18.3 Air Magic
 - Level 18.9 Earth Magic
 - Level 6.5 Evocations


You had 3 spell levels left.
You knew the following spells:

 Your Spells              Type           Power        Failure   Level  Hunger
a - Orb of Destruction    Conj           ########..   1%          7    None
b - Haste                 Chrm           ########     0%          6    None
c - Sublimation of Blood  Necr           ########..   0%          2    None
d - Tornado               Air            ########..   4%          9    None
e - Dragon's Call         Summ           ########..   50%         9    None
f - Deflect Missiles      Chrm/Air       ########..   0%          6    None
g - Regeneration          Chrm/Necr      ########..   0%          3    None
i - Delayed Fireball      Conj/Fire      N/A          1%          7    None
j - Fire Storm            Conj/Fire      ########..   3%          9    None
k - Shatter               Erth           ########..   4%          9    None


Dungeon Overview and Level Annotations

Branches:
Dungeon (1/1)

Altars:
Cheibriados
Dithmenos
Elyvilon
Fedhas
Gozag
Kikubaaqudgha
Makhleb
Nemelex Xobeh
Okawaru
Pakellas
Qazlal
Ru
Sif Muna
Trog
Vehumet
Xom
Yredelemnul
Zin
The Shining One
Jiyva
Lugonu

Shops:
D :%[?[:*![[[[=%%}*!:!=[?(

Annotations:
D Gloorx Vloq, Serpent of Hell


Innate Abilities, Weirdness & Mutations

You have sharp toenails.
You tend to lose your temper in combat.
You are clumsy. (Dex -2)
Armour fits poorly on your strangely shaped body.


Message History

The Serpent of Hell roars!
A dragon appears.
The ghost moth stares at you.
You feel your power leaking away.
Gloorx Vloq gestures.
The Serpent of Hell bites you!
* * * LOW HITPOINT WARNING * * *
You are engulfed in flames!
You resist.
* * * LOW HITPOINT WARNING * * *
You block the Serpent of Hell's attack.
The Serpent of Hell completely misses you.
The Serpent of Hell claws you.
* * * LOW HITPOINT WARNING * * *
The Serpent of Hell misses you.
A Brimstone Fiend comes into view.
Unknown command.
Unknown command.
Unknown command.
Unknown command.
You die...

,,,**,≈≈≈≈≈≈≈≈≈≈,*#..(.§§§§§§§§§§
,^,**,≈≈≈≈§§≈≈≈≈,*#..(§§§§§#§###§
,,,**,,,§≈≈§≈≈,,,*#≈.§§§§§§#§§§##
*****,,,..≈§.§,,,##§≈§§§§§§#§#§##
*,***,,,,,§.1.,,,#§###§§####§#.#
,,^**8,,,,,§§§§§8#§§§c§§§§§#§####
**********+*#§§###§§######§§§§§∩∩
,,,,,,,,,,,,§§§§§§#§§§§###§####∩∩
,,,,,,,,,,,,§§§§@§#§§§##§§§§###..
,,,,,,,,,,,,§§§§§§&§§§§§§§§§§.'..
,,,,,,,,,,,,§§D§§§#§§§§##§§§###..
,,,,,,,,,,,,§§§y§§§§§§####§#.∩#..
***********+.#.###(..#####....#..
≈≈≈**,,,*,,§§.§§,##...)....#)##..
*+***,,,+,,,§§,,,#.......#('..'..
*,* *,,,*,,,,*,,,##...(..#)####..
******+********+*##....)(.)#,*###


You could see Gloorx Vloq, the Serpent of Hell and a yaktaur (wandering).

Vanquished Creatures
  the Royal Jelly (D)
  Mennas (D)
  Mara (D)
  A greater mummy (D)
  Boris (D)
  Frederick (D)
  A lich (D)
  Rupert (D)
  2 quicksilver dragons (D)
  2 titans (D)
  A deep elf blademaster (D)
  A deep elf master archer (D)
  An ancient champion (D)
  2 acid blobs (D)
  Polyphemus (D)
  Gastronok (D)
  Chuck (D)
  Harold (D)
  A storm dragon (D)
  Roxanne (D)
  A greater naga (D)
  4 shadow dragons (D)
  9 azure jellies (D)
  Maud (D)
  Ilsuiw (D)
  A frost giant (D)
  A ghost moth (D)
  3 stone giants (D)
  2 vampire knights (D)
  2 deep elf demonologists (D)
  Azrael (D)
  2 dire elephants (D)
  A deep elf annihilator (D)
  A merfolk javelineer (D)
  A mummy priest (D)
  A fire dragon (D)
  2 deep elf high priests (D)
  19 vault guards (D)
  4 death oozes (D)
  2 hydras (D)
  5 yaktaur captains (D)
  2 hell beasts (D)
  A naga warrior (D)
  3 centaur warriors (D)
  Erica (D)
  2 anacondas (D)
  4 death yaks (D)
  An ogre mage (D)
  A shock serpent (shapeshifter) (D)
  2 orc high priests (D)
  2 sun demons (D)
  5 skeletal warriors (D)
  2 soul eaters (D)
  A deep elf knight (D)
  An iron troll (shapeshifter) (D)
  An unseen horror (D)
  A sea snake (D)
  A spriggan druid (D)
  A death drake (D)
  An orange crystal statue (D)
  An obsidian statue (D)
  3 spectral iron dragons (D)
  2 orc knights (D)
  Joseph (D)
  A lindwurm (D)
  A mana viper (shapeshifter) (D)
  6 deep elf magi (D)
  An ugly thing (D)
  An orc sorcerer (D)
  4 crystal guardians (D)
  A shining eye (shapeshifter) (D)
  2 oklob plants (D)
  2 elephants (D)
  A guardian serpent (D)
  2 spiny frogs (D)
  6 black mambas (D)
  A molten gargoyle (D)
  A torpor snail (shapeshifter) (D)
  A rime drake (D)
  A komodo dragon (D)
  2 ice devils (D)
  5 guardian mummies (D)
  8 yaktaurs (D)
  3 wandering mushrooms (D)
  An anaconda simulacrum (D)
  A queen bee (D)
  4 spriggan defenders (D)
  A giant leech (D)
  8 statues (D)
  9 slime creatures (D)
  8 blink frogs (D)
  3 redbacks (D)
  2 spriggans (D)
  3 shadows (D)
  2 nagas (D)
  A spatial vortex (D)
  A naga (shapeshifter) (D)
  2 water moccasins (D)
  A giant eyeball (shapeshifter) (D)
  2 giant eyeballs (D)
  2 hydra simulacra (D)
  2 orc warriors (D)
  A swamp drake (D)
  A wasp (D)
  A necrophage (D)
  A fire dragon simulacrum (D)
  2 centaurs (D)
  An earth elemental (D)
  A water elemental (D)
  A scorpion (D)
  32 killer bees (D)
  5 electric eels (D)
  A wizard (D)
  2 quasits (D)
  5 orc priests (D)
  A jelly (D)
  3 orc wizards (D)
  A necromancer (D)
  A polar bear simulacrum (D)
  A wolf simulacrum (D)
  3 sheep (D)
  3 humans (D)
  A kobold demonologist (D)
  4 adders (D)
  An ooze (D)
  8 orcs (D)
  3 rats (D)
  7 bushes (D)
  4 butterflies (D)
  7 fire vortices (D)
  13 plants (D)
345 creatures vanquished.

Vanquished Creatures (collateral kills)
  Nikola (D)
  An acid blob (D)
  A vault guard (D)
  A golden dragon zombie (D)
  A shining eye (D)
  An iron troll simulacrum (D)
  3 slime creatures (D)
  3 giant eyeballs (D)
  A hydra simulacrum (D)
  A bush (D)
  2 butterflies (D)
16 creatures vanquished.

Vanquished Creatures (others)
  2 deep elf blademasters (D)
  2 draconian scorchers (D)
  Nessos (D)
  A shadow wraith (D)
  A giant orange brain (D)
  A shining eye (D)
  A hornet (D)
  3 yaktaurs (D)
  A giant leech (D)
  A wasp (D)
  An electric eel (D)
  5 ball lightnings (D)
  4 ballistomycetes (D)
  144 fire vortices (D)
  3 giant spores (D)
  36 plants (D)
207 creatures vanquished.

Grand Total: 568 creatures vanquished

Notes
Turn   | Place    | Note
--------------------------------------------------------------
     0 | D        | Moloch the Deep Elf Fire Elementalist began the quest for the Orb.
     0 | D        | Reached XP level 1. HP: 10/10 MP: 6/6
    12 | D        | Killed an electric eel
   138 | D        | Noticed a scorpion
   173 | D        | Killed a scorpion
   173 | D        | Reached skill level 5 in Spellcasting
   173 | D        | Reached XP level 2. HP: 14/15 MP: 0/10
   173 | D        | Reached XP level 3. HP: 19/19 MP: 0/11
   183 | D        | Killed a white draconian scorcher
   183 | D        | Killed a yaktaur
   199 | D        | Killed a white draconian scorcher
   203 | D        | Learned a level 3 spell: Conjure Flame
   389 | D        | Reached XP level 4. HP: 24/24 MP: 8/13
   395 | D        | Learned a level 4 spell: Sticky Flame
   444 | D        | Noticed a water elemental
   447 | D        | Killed a water elemental
   447 | D        | Reached skill level 7 in Spellcasting
   447 | D        | Reached skill level 5 in Conjurations
   505 | D        | Found a radiant altar of Vehumet.
   505 | D        | Found a deep blue altar of Sif Muna.
   505 | D        | Found an ancient bone altar of Kikubaaqudgha.
   505 | D        | Noticed a wizard
   507 | D        | Killed a wizard
   507 | D        | Reached XP level 5. HP: 28/28 MP: 11/17
   517 | D        | Learned a level 5 spell: Fireball
   525 | D        | Became a worshipper of Vehumet
   581 | D        | Found a glowing silver altar of Zin.
   582 | D        | Found a glowing golden altar of the Shining One.
   583 | D        | Found a white marble altar of Elyvilon.
   583 | D        | Noticed a deep elf mage
   621 | D        | Killed a deep elf mage
   621 | D        | Reached skill level 10 in Spellcasting
   621 | D        | Reached XP level 6. HP: 19/32 MP: 2/21
   621 | D        | Reached XP level 7. HP: 22/36 MP: 2/23
   701 | D        | Learned a level 1 spell: Magic Dart
   708 | D        | Learned a level 6 spell: Bolt of Fire
   713 | D        | Learned a level 4 spell: Iskenderun's Mystic Blast
   736 | D        | Found an iron altar of Okawaru.
   736 | D        | Found a bloodstained altar of Trog.
   736 | D        | Noticed a human
   736 | D        | Noticed a human
   739 | D        | Killed a human
   739 | D        | Reached skill level 11 in Spellcasting
   739 | D        | Reached skill level 10 in Conjurations
   742 | D        | Killed a human
   742 | D        | Reached * piety under Vehumet
   742 | D        | Offered knowledge of Sandblast by Vehumet.
   830 | D        | Found a basalt altar of Yredelemnul.
   830 | D        | Found a snail-covered altar of Cheibriados.
   830 | D        | Found a blossoming altar of Fedhas.
   847 | D        | Reached skill level 12 in Spellcasting
   928 | D        | Offered knowledge of Throw Frost by Vehumet.
   928 | D        | Reached ** piety under Vehumet
   928 | D        | Reached XP level 8. HP: 41/41 MP: 20/26
  1031 | D        | Found an oddly glowing altar of Pakellas.
  1031 | D        | Found a stormy altar of Qazlal.
  1032 | D        | Found a sacrificial altar of Ru.
  1032 | D        | Found a burning altar of Makhleb.
  1032 | D        | Found a shimmering altar of Xom.
  1033 | D        | Found a viscous altar of Jiyva.
  1033 | D        | Found a shadowy altar of Dithmenos.
  1033 | D        | Found a sparkling altar of Nemelex Xobeh.
  1033 | D        | Found a corrupted altar of Lugonu.
  1033 | D        | Found an opulent altar of Gozag.
  1146 | D        | Noticed Erica
  1154 | D        | Killed Erica
  1154 | D        | Reached skill level 13 in Spellcasting
  1229 | D        | Noticed an orc sorcerer
  1229 | D        | Offered knowledge of Ignite Poison by Vehumet.
  1230 | D        | Noticed an orc high priest
  1230 | D        | Reached *** piety under Vehumet
  1230 | D        | Reached XP level 9. HP: 42/45 MP: 18/28
  1232 | D        | Killed an orc sorcerer
  1232 | D        | Reached skill level 14 in Spellcasting
  1232 | D        | Reached **** piety under Vehumet
  1232 | D        | Killed an orc high priest
  1232 | D        | Reached skill level 15 in Spellcasting
  1234 | D        | Noticed an orc knight
  1299 | D        | Killed an orc knight
  1299 | D        | Reached skill level 15 in Conjurations
  1396 | D        | Offered knowledge of Airstrike by Vehumet.
  1399 | D        | Reached ***** piety under Vehumet
  1553 | D        | Found Kemasas's General Store.
  1567 | D        | Bought a scroll of identify for 24 gold pieces
  1567 | D        | Bought a scroll of identify for 24 gold pieces
  1567 | D        | Bought a scroll of blinking for 90 gold pieces
  1567 | D        | Bought a potion of heal wounds for 60 gold pieces
  1738 | D        | Noticed a centaur warrior
  1740 | D        | Offered knowledge of Lightning Bolt by Vehumet.
  1740 | D        | Reached XP level 10. HP: 50/50 MP: 23/31
  1741 | D        | Killed a centaur warrior
  1741 | D        | Reached skill level 16 in Spellcasting
  1890 | D        | Learned a level 5 spell: Lightning Bolt
  1910 | D        | Noticed an unseen horror
  1912 | D        | Killed an unseen horror
  1912 | D        | Offered knowledge of Bolt of Draining by Vehumet.
  2110 | D        | Reached skill level 17 in Spellcasting
  2112 | D        | Reached ****** piety under Vehumet
  2112 | D        | Offered knowledge of Iron Shot by Vehumet.
  2519 | D        | Offered knowledge of Poisonous Cloud by Vehumet.
  2642 | D        | Noticed Harold
  2642 | D        | Noticed Joseph
  2680 | D        | Killed Harold
  2680 | D        | Reached skill level 18 in Spellcasting
  2680 | D        | Reached skill level 15 in Fire Magic
  2680 | D        | Reached XP level 11. HP: 57/57 MP: 13/35
  2682 | D        | Killed Joseph
  2962 | D        | Noticed a lindwurm
  2966 | D        | Killed a lindwurm
  2966 | D        | Reached skill level 5 in Dodging
  2968 | D        | Offered knowledge of Delayed Fireball by Vehumet.
  2971 | D        | Noticed a five-headed hydra
  2974 | D        | Killed a five-headed hydra
  2985 | D        | Noticed a six-headed hydra
  3086 | D        | Killed a six-headed hydra
  3130 | D        | Learned a level 7 spell: Delayed Fireball
  3130 | D        | Reached skill level 19 in Spellcasting
  3240 | D        | Noticed Maud
  3249 | D        | Killed Maud
  3444 | D        | Noticed a deep elf mage
  3444 | D        | Noticed a deep elf mage
  3444 | D        | Noticed a deep elf mage
  3444 | D        | Noticed a deep elf mage
  3444 | D        | Noticed a deep elf knight
  3447 | D        | Killed a deep elf mage
  3447 | D        | Offered knowledge of Orb of Destruction by Vehumet.
  3447 | D        | Killed a deep elf mage
  3447 | D        | Reached skill level 5 in Fighting
  3448 | D        | Killed a deep elf mage
  3449 | D        | Killed a deep elf mage
  3449 | D        | Reached XP level 12. HP: 68/68 MP: 25/37
  3525 | D        | Noticed a deep elf demonologist
  3529 | D        | Killed a deep elf demonologist
  3529 | D        | Reached skill level 20 in Spellcasting
  3530 | D        | Noticed a deep elf demonologist
  3531 | D        | Killed a deep elf demonologist
  3535 | D        | Noticed a deep elf high priest
  3535 | D        | Noticed a deep elf master archer
  3656 | D        | Offered knowledge of Ozocubu's Refrigeration by Vehumet.
  3818 | D        | Killed a deep elf master archer
  3875 | D        | Noticed a deep elf high priest
  3884 | D        | Killed a deep elf high priest
  4005 | D        | Noticed a deep elf annihilator
  4125 | D        | Killed a deep elf high priest
  4129 | D        | Killed a deep elf annihilator
  4225 | D        | Got a brightly glowing mace {venom}
  4225 | D        | Got a twisted morningstar {flame}
  4231 | D        | Got a fine falchion {slice}
  4231 | D        | Got a transparent hand axe {chop}
  4247 | D        | Got a flickering steel amulet
  4250 | D        | Identified Geeg's Catalogue of Boosting Ice
  4250 | D        | Identified Heplad's Compendium of Fiery Calling
  4291 | D        | Identified the amulet of the Ban {Faith MR- Int+8} (You found it in the Dungeon)
  4301 | D        | Learned a level 7 spell: Orb of Destruction
  4312 | D        | Learned a level 9 spell: Dragon's Call
  4322 | D        | Identified the cursed +1 mace of Mooni {venom, +Blink Dex+6} (You took it off a deep elf annihilator in the Dungeon)
  4324 | D        | Identified the +5 morningstar "Killer Klown's Peril" {flame, MP-9 Str+6 Dex+2} (You took it off a deep elf high priest in the Dungeon)
  4325 | D        | Identified the +8 hand axe of the Pillar {chop, rElec rPois Int+2} (You took it off a deep elf mage in the Dungeon)
  4326 | D        | Identified the +6 falchion of Teumn {slice, Str+2 Int+4} (You took it off a deep elf demonologist in the Dungeon)
  4402 | D        | Offered knowledge of Poison Arrow by Vehumet.
  4449 | D        | Reached skill level 1 in Shields
  4450 | D        | Noticed a yaktaur captain
  4729 | D        | Noticed a yaktaur captain
  4884 | D        | Reached skill level 1 in Summonings
  4887 | D        | Killed a yaktaur captain
  4958 | D        | Killed a yaktaur captain
  4958 | D        | Offered knowledge of Fire Storm by Vehumet.
  4958 | D        | Offered knowledge of Chain Lightning by Vehumet.
  4958 | D        | Offered knowledge of Tornado by Vehumet.
  4958 | D        | Reached skill level 21 in Spellcasting
  5127 | D        | Noticed Rupert
  5135 | D        | Killed Rupert
  5135 | D        | Reached XP level 13. HP: 76/76 MP: 9/40
  5238 | D        | Learned a level 9 spell: Fire Storm
  5328 | D        | Noticed a dire elephant
  5328 | D        | Noticed Gastronok
  5329 | D        | Reached skill level 22 in Spellcasting
  5348 | D        | Noticed a dire elephant
  5351 | D        | Killed a dire elephant
  5379 | D        | Killed Gastronok
  5379 | D        | Reached skill level 23 in Spellcasting
  5505 | D        | Killed a dire elephant
  5533 | D        | Noticed an azure jelly
  5534 | D        | Noticed an azure jelly
  5534 | D        | Noticed an azure jelly
  5536 | D        | Noticed an azure jelly
  5607 | D        | Reached skill level 24 in Spellcasting
  5702 | D        | Reached skill level 25 in Spellcasting
  6033 | D        | Found a blossoming altar of Fedhas.
  6094 | D        | Reached skill level 26 in Spellcasting
  6488 | D        | Reached skill level 1 in Air Magic
  6490 | D        | Found Pulieqo's Magic Scroll Shop.
  6490 | D        | Found Tuomyes's Antique Armour Shoppe.
  6490 | D        | Noticed a greater naga
  6491 | D        | Killed a greater naga
  6491 | D        | Reached skill level 27 in Spellcasting
  6494 | D        | Found Fyppy's Book Boutique.
  6511 | D        | Gained mutation: You are clumsy. (Dex -2) [mutagenic meat]
  6512 | D        | Gained mutation: You have sharp toenails. [mutagenic meat]
  6513 | D        | Gained mutation: Armour fits poorly on your strangely shaped body. [mutagenic meat]
  6515 | D        | Gained mutation: You tend to lose your temper in combat. [mutagenic meat]
  6522 | D        | Got a serpentine rune of Zot
  6536 | D        | Bought a scroll of remove curse for 36 gold pieces
  6536 | D        | Bought 3 scrolls of identify for 72 gold pieces
  6603 | D        | Noticed Polyphemus
  6608 | D        | Killed Polyphemus
  6650 | D        | Noticed Ilsuiw
  6652 | D        | Reached skill level 5 in Air Magic
  6661 | D        | Killed Ilsuiw
  6661 | D        | Reached XP level 14. HP: 69/79 MP: 4/47
  6788 | D        | Found Cefurybb's Book Shoppe.
  6794 | D        | Found Iggoif's Food Boutique.
  6795 | D        | Found Beezec's Antique Armour Emporium.
  6816 | D        | Bought a book of the Earth for 780 gold pieces
  6825 | D        | Bought a runed cloak for 81 gold pieces
  6848 | D        | Got a barnacled rune of Zot
  6900 | D        | Killed an azure jelly
  6900 | D        | Killed an azure jelly
  6901 | D        | Killed an azure jelly
  6901 | D        | Reached skill level 10 in Air Magic
  6901 | D        | Killed an azure jelly
  6962 | D        | Noticed an azure jelly
  6963 | D        | Killed an azure jelly
  6975 | D        | Noticed the Royal Jelly
  7039 | D        | Noticed an azure jelly
  7039 | D        | Killed an azure jelly
  7039 | D        | Killed the Royal Jelly
  7040 | D        | Noticed an acid blob
  7041 | D        | Noticed an azure jelly
  7041 | D        | Noticed an azure jelly
  7041 | D        | Noticed an azure jelly
  7041 | D        | Killed an azure jelly
  7041 | D        | Killed an azure jelly
  7041 | D        | Killed an azure jelly
  7045 | D        | Killed an acid blob
  7063 | D        | Noticed an acid blob
  7223 | D        | Killed an acid blob
  7286 | D        | Noticed an acid blob
  7288 | D        | Killed an acid blob
  7359 | D        | Learned a level 9 spell: Shatter
  7372 | D        | Learned a level 9 spell: Tornado
  7516 | D        | Reached skill level 1 in Earth Magic
  7539 | D        | Reached skill level 5 in Earth Magic
  7790 | D        | Found Nezxudag's Distillery.
  7790 | D        | Found Jebiv's Distillery.
  7790 | D        | Found Cikhojep's Gadget Boutique.
  7790 | D        | Found Ukhoxkey's Antique Weapon Shoppe.
  7790 | D        | Found Jahell's General Store.
  7790 | D        | Found Gunes's Book Emporium.
  7790 | D        | Found Zyekluo's Food Shoppe.
  7790 | D        | Found Gixkaoq's Magic Scroll Shop.
  7790 | D        | Found Ystraothy's Food Shop.
  7790 | D        | Found Ynuawn's Antique Armour Emporium.
  7790 | D        | Found Tamiut's Jewellery Emporium.
  7790 | D        | Found Mitiam's Jewellery Boutique.
  7809 | D        | Bought a potion of resistance for 100 gold pieces
  7809 | D        | Bought a potion of agility for 40 gold pieces
  7813 | D        | Bought a book of Enchantments for 700 gold pieces
  7816 | D        | Bought a scroll of magic mapping for 38 gold pieces
  7825 | D        | Bought the ring of Spite {SustAt rElec MP+9 Str+5} for 588 gold pieces
  7960 | D        | Noticed a stone giant
  7965 | D        | a stone giant changed into an iron troll
  7966 | D        | Reached skill level 10 in Earth Magic
  8113 | D        | Noticed Chuck
  8117 | D        | Reached XP level 15. HP: 75/84 MP: 48/48
  8259 | D        | Killed Chuck
  8269 | D        | Learned a level 6 spell: Deflect Missiles
  8461 | D        | Reached skill level 1 in Charms
  8463 | D        | Noticed Frederick
  8469 | D        | Killed Frederick
  8664 | D        | Noticed a lich
  8670 | D        | Killed a lich
  8670 | D        | Reached skill level 10 in Charms
  8737 | D        | Noticed a shadow dragon
  8738 | D        | Noticed a shadow dragon
  8744 | D        | Killed a shadow dragon
  8744 | D        | Reached skill level 15 in Earth Magic
  8745 | D        | Killed a shadow dragon
  8831 | D        | Noticed a titan
  8831 | D        | Reached skill level 15 in Charms
  8840 | D        | Noticed a frost giant
  8840 | D        | Noticed a titan
  8840 | D        | Killed a titan
  8841 | D        | Killed a titan
  8843 | D        | Noticed a quicksilver dragon
  8843 | D        | Killed a frost giant
  8843 | D        | Killed a quicksilver dragon
  8865 | D        | Noticed a shadow dragon
  8865 | D        | Killed a shadow dragon
  8917 | D        | Noticed a quicksilver dragon
  8922 | D        | Killed a quicksilver dragon
  9031 | D        | Reached XP level 16. HP: 77/89 MP: 28/49
  9212 | D        | Got a flickering jade ring
  9215 | D        | Noticed a shadow dragon
  9217 | D        | Killed a shadow dragon
  9220 | D        | Got a shimmering golden ring
  9233 | D        | Got a silver rune of Zot
  9313 | D        | Killed a deep elf blademaster
  9337 | D        | Identified the ring of Werrug {+Blink rPois} (You took it off a vault guard in the Dungeon)
  9339 | D        | Identified the ring "Vaul" {*Contam rN+ Str+3 Dex+3 Stlth+} (You took it off a vault guard in the Dungeon)
  9344 | D        | Identified Sif Muna's Incunabulum of Summoning
  9357 | D        | Learned a level 6 spell: Haste
  9387 | D        | Killed Nessos
  9418 | D        | Killed a deep elf blademaster
  9554 | D        | Reached skill level 5 in Shields
  9556 | D        | Noticed Azrael
  9563 | D        | Killed Azrael
 10122 | D        | Reached skill level 1 in Evocations
 10571 | D        | Got a slimy rune of Zot
 10721 | D        | Noticed Mara
 10724 | D        | Killed Mara
 10731 | D        | Reached skill level 10 in Shields
 10733 | D        | Killed Mennas
 10952 | D        | Noticed an ancient champion
 10954 | D        | Killed an ancient champion
 11088 | D        | Noticed a storm dragon
 11089 | D        | Killed a storm dragon
 11089 | D        | Reached skill level 15 in Shields
 11091 | D        | Killed Nikola
 11114 | D        | Noticed Boris
 11259 | D        | Killed Boris
 11284 | D        | Bought a book of Alchemy for 1050 gold pieces
 11287 | D        | Learned a level 2 spell: Sublimation of Blood
 11385 | D        | Bought a book of Necromancy for 420 gold pieces
 11389 | D        | Learned a level 3 spell: Regeneration
 11497 | D        | Found Ozu Jeicatz's Armour Emporium.
 11497 | D        | Found Touqoff's Armour Shop.
 11497 | D        | Found Toapaheb's Armour Shop.
 11497 | D        | Found Couhuuf's Armour Shoppe.
 11498 | D        | Reached skill level 5 in Summonings
 11521 | D        | Noticed Roxanne
 11524 | D        | Reached skill level 10 in Dodging
 11623 | D        | Reached skill level 1 in Necromancy
 11624 | D        | Killed Roxanne
 11624 | D        | Reached skill level 10 in Summonings
 11631 | D        | Reached skill level 5 in Necromancy
 11637 | D        | Noticed a deep elf blademaster
 11637 | D        | Killed a deep elf blademaster
 11648 | D        | Identified Roxanne's Collected Works on Transmutation (You took it off Roxanne in the Dungeon)
 11715 | D        | Reached XP level 17. HP: 48/93 MP: 6/50
 11878 | D        | Found Vumimaz's Distillery.
 11912 | D        | Reached skill level 10 in Necromancy
 11981 | D        | Noticed a greater mummy
 11985 | D        | Killed a greater mummy
 11985 | D        | Reached skill level 15 in Summonings
 11987 | D        | Noticed the Serpent of Hell
 12120 | D        | Reached skill level 15 in Necromancy
 12123 | D        | Noticed Gloorx Vloq
 12124 | D        | HP: 2/92 [the Serpent of Hell (13)]
 12125 | D        | Noticed a Brimstone Fiend
 12125 | D        | Succumbed to Gloorx Vloq's foul vapour

Vault maps used:
D:        dungeon_sprint_mu

Skill      XL: |  1  2  3  4  5  6  7  8  9 10 11 12 13 14 15 16 17 |
---------------+----------------------------------------------------+-----
Fire Magic     | 6 7 8 11 12 13 15 16 17 18 19 | 19.0
Spellcasting   | 5 7 10 12 13 15 18 19 21 27 | 27.0
Conjurations   | 3 4 5 9 11 13 15 17 19 21 | 21.6
Fighting       | 2 5 6 |  6.8
Dodging        | 3 7 9 10 | 10.6
Shields        | 4 17 | 17.3
Summonings     | 3 12 15 | 15.4
Air Magic      | 6 18 | 18.3
Earth Magic    | 11 16 18 | 18.9
Charms         | 25 26 | 26.3
Evocations     | 6 |  6.5
Necromancy     | 7 15 | 15.7
Stealth        | |  2.4

Action                   |  1- 3 |  4- 6 |  7- 9 | 10-12 | 13-15 | 16-18 || total
-------------------------+-------+-------+-------+-------+-------+-------++-------
Melee: Unarmed           |     1 |       |       |       |       |       ||     1
       Long sword        |       |       |     3 |     5 |       |       ||     8
 Cast: Flame Tongue      |    26 |     7 |    19 |     4 |       |       ||    56
       Conjure Flame     |     1 |     1 |     6 |     2 |       |       ||    10
       Sticky Flame      |       |     3 |     3 |     9 |     1 |       ||    16
       Fireball          |       |     2 |    15 |    88 |    13 |       ||   118
       Iskenderun's Myst |       |       |    12 |       |       |       ||    12
       Bolt of Fire      |       |       |     4 |    19 |     6 |       ||    29
       Lightning Bolt    |       |       |       |     3 |       |       ||     3
       Delayed Fireball  |       |       |       |     1 |       |       ||     1
       Fire Storm        |       |       |       |       |    81 |    85 ||   166
       Orb of Destructio |       |       |       |       |    14 |     9 ||    23
       Tornado           |       |       |       |       |    12 |     9 ||    21
       Deflect Missiles  |       |       |       |       |     1 |     1 ||     2
       Sublimation of Bl |       |       |       |       |       |    30 ||    30
       Regeneration      |       |       |       |       |       |    10 ||    10
       Shatter           |       |       |       |       |       |    12 ||    12
       Haste             |       |       |       |       |       |     2 ||     2
 Abil: Evoke Flight      |       |       |       |       |       |     3 ||     3
Evoke: Deck              |       |       |       |       |       |     1 ||     1
       Quad damage       |       |       |       |       |       |     1 ||     1
  Use: Potion            |     2 |       |       |     3 |       |     1 ||     6
       Scroll            |       |       |     4 |     7 |     3 |     5 ||    19
  Eat: Chunk             |       |       |     4 |     2 |    12 |       ||    18
       Royal jelly       |       |       |     1 |       |     2 |     2 ||     5
       Bread ration      |       |       |       |     2 |       |       ||     2
       Fruit             |       |       |       |     1 |     8 |       ||     9
       Meat ration       |       |       |       |       |       |     1 ||     1
       Pizza             |       |       |       |       |       |     1 ||     1
Armor: Robe              |       |       |       |       |     4 |       ||     4
Dodge: Dodged            |     9 |     1 |     2 |    11 |    11 |     8 ||    42
       Deflected         |       |       |       |       |       |     1 ||     1
Block: Buckler           |       |       |       |       |     3 |       ||     3
       Shield            |       |       |       |       |       |     7 ||     7
